 Dungeon Crawl Stone Soup version 0.26-a0-854-gdc81c2f471 (webtiles) character file.

Game seed: 14294874571789434327

258 SolusNox the Shield-Bearer (level 6, -2/49 HPs)
             Began as a Formicid Fighter on Nov 23, 2020.
             Killed from afar by an orc wizard (9 damage)
             ... with a magic dart
             ... on level 3 of the Dungeon.
             The game lasted 00:02:21 (2196 turns).

SolusNox the Shield-Bearer (Formicid Fighter)       Turns: 2196, Time: 00:02:22

Health: -2/49      AC:  7    Str: 22    XL:     6   Next: 40%
Magic:  6/6        EV:  9    Int:  8    God:
Gold:   145        SH: 10    Dex: 10    Spells: 5/5 levels left

rFire    . . .     SeeInvis +   l - +2 hand axe (flame)
rCold    . . .     Faith    .   c - +0 kite shield
rNeg     . . .     Spirit   .   b - +0 scale mail
rPois    .         Reflect  .   (helmet unavailable)
rElec    .         Harm     .   (no cloak)
rCorr    .         Rampage  .   (no gloves)
MR       .....                  (no boots)
Stlth    ..........             f - amulet of regeneration {+regen, !d}
HPRegen  0.56/turn              (no ring)
MPRegen  0.10/turn              (no ring)

@: no status effects
A: permanent stasis, dig shafts and tunnels, four strong arms, antennae 3
a: Dig, Shaft Self


You were on level 3 of the Dungeon.
You visited 1 branch of the dungeon, and saw 3 of its levels.

You collected 145 gold pieces.

Inventory:

Hand Weapons
 l - a +2 hand axe of flaming (weapon)
   (You found it on level 2 of the Dungeon)
Armour
 b - a +0 scale mail (worn)
 c - a +0 kite shield (worn)
 g - a +0 pair of gloves
   (You found it on level 1 of the Dungeon)
 m - a +0 pair of boots
   (You found it on level 3 of the Dungeon)
Jewellery
 f - an amulet of regeneration (around neck) {+regen, !d}
   (You found it on level 1 of the Dungeon)
 i - an uncursed amulet of the acrobat
   (You found it on level 1 of the Dungeon)
 n - an uncursed ring of poison resistance {unknown}
   (You found it on level 3 of the Dungeon)
Wands
 o - a wand of disintegration (14)
   (You found it on level 3 of the Dungeon)
Scrolls
 e - 4 scrolls of remove curse {unknown}
 h - 4 scrolls of identify {unknown}
 j - a scroll of magic mapping {unknown}
 k - a scroll of immolation {unknown}
Potions
 a - 2 potions of lignification {unknown}
 d - a potion of might
 p - a potion of degeneration {unknown}
 q - a potion of attraction {unknown}


   Skills:
 + Level 4.4 Fighting
 * Level 3.7 Axes
 + Level 4.4 Armour
 + Level 1.2 Dodging
 + Level 4.8 Shields


You had 5 spell levels left.
You didn't know any spells.
Your spell library was empty.

Dungeon Overview and Level Annotations

Branches:
Dungeon (3/15)

Altars:
Cheibriados


Innate Abilities, Weirdness & Mutations

You cannot be hasted, slowed, berserked, paralysed or teleported.
You can dig through walls and to a lower floor.
Your four strong arms can wield two-handed weapons with a shield.
You have a pair of large antennae on your head. (SInv)


Message History

You take 14 damage, and have 35/49 hp.
MASSIVE DAMAGE!!
Your scale mail prevents you from hitting the orc.
You closely miss the orc. The orc barely misses you.
You slash the orc! You burn the orc.
You kill the orc!
You completely miss the orc. You block the orc's attack.
You regained 2 hp, and now have 41/49 hp.
You closely miss the orc. You block the orc's attack.
You hit the orc. You burn the orc. You block the orc's attack.
The orc wizard casts a spell.
The orc wizard flickers and vanishes for a moment.
The orc hits you but does no damage.
You hit the orc. You burn the orc.
You kill the orc!
The orc priest invokes the aid of Beogh against you.
Beogh smites you!
The orc priest miscasts a cantrip.
The orc priest casts a cantrip, but nothing happens.
Items here: )) [[ ††.
You barely miss the orc priest. You block the orc priest's attack.
The orc priest looks encouraged for a moment.
You hit the orc priest but do no damage.
The orc priest invokes the aid of Beogh against you.
Pain shoots through your body!
You hit the orc priest. You burn the orc priest.
The orc priest closely misses you.
You hit the orc priest. You burn the orc priest.
The orc priest mumbles some strange prayers to Beogh against you.
Beogh smites you!
* * * LOW HITPOINT WARNING * * *
The orc priest looks encouraged for a moment.
Your shield and scale mail prevent you from hitting the orc priest.
The orc priest hits you but does no damage.
The orc priest calls upon Beogh to heal the orc priest.
The orc priest is healed somewhat.
You closely miss the orc priest.
The orc priest invokes the aid of Beogh against you.
You struggle to resist.
The orc priest hits you with a +0 dagger.
* * * LOW HITPOINT WARNING * * *
You hit the orc priest but do no damage.
The orc priest calls down the wrath of Beogh upon you.
Beogh smites you!
* * * LOW HITPOINT WARNING * * *
The orc priest hits you but does no damage.
You hit the orc priest. You burn the orc priest.
You block the orc priest's attack.
You hit the orc priest. You burn the orc priest.
You kill the orc priest!
Your Dodging skill increases to level 1!
You hit the orc priest. You burn the orc priest.
You block the orc priest's attack.
You hit the orc priest. You burn the orc priest.
You block the orc priest's attack.
You hit the orc priest. You burn the orc priest. The orc priest misses you.
You closely miss the orc priest. You block the orc priest's attack.
You closely miss the orc priest. You block the orc priest's attack.
You take 36 damage, and have 6/49 hp.
MASSIVE DAMAGE!!
You hit the orc priest. You burn the orc priest.
You kill the orc priest!
The orc wizard hits you but does no damage.
You barely miss the orc wizard. You block the orc wizard's attack.
You hit the orc wizard. You burn the orc wizard.
The orc wizard barely misses you.
You closely miss the orc wizard. The orc wizard barely misses you.
You closely miss the orc wizard. You block the orc wizard's attack.
You closely miss the orc wizard.
The orc wizard hits you with a +0 dagger.
* * * LOW HITPOINT WARNING * * *
You hit the orc wizard. You burn the orc wizard.
The orc wizard points at you and mumbles some strange words.
You are confused.
The orc wizard barely misses you.
You bump into the rock wall.
The orc wizard hits you but does no damage.
You closely miss the orc wizard. The orc wizard closely misses you.
You bump into the rock wall.
The orc wizard hits you but does no damage.
You hit the orc wizard. You burn the orc wizard.
You feel less confused.
The orc wizard hits you but does no damage.
Your scale mail prevents you from hitting the orc wizard.
The orc wizard hits you but does no damage.
Your shield prevents you from hitting the orc wizard.
You block the orc wizard's attack.
The orc wizard points at you and mumbles some strange words.
The magic dart hits you!
* * * LOW HITPOINT WARNING * * *
You take 6 damage, and have 7/49 hp.
You closely miss the orc wizard.
The orc wizard gestures at you while chanting.
The magic dart hits you.
* * * LOW HITPOINT WARNING * * *
You take 1 damage, and have 6/49 hp.
You hit the orc wizard. You burn the orc wizard.
The orc wizard casts a spell at you. The magic dart hits you!
You die...

### ###.#########
#...)o@.....#
#.#.#######.# ##
#.#.#######.####### #.
..................####.
...o.######..#####......
#.....# #.##..#####..##..
#..o..# #................
#.....# #.##..#####......
#.....###.##..#####..###.


You could see an orc wizard (invisible).

Vanquished Creatures
  3 orc priests (D:3)
  A hound (D:2)
  5 adders
  2 oozes
  A worm (D:3)
  2 dart slugs (D:3)
  A leopard gecko (D:1)
  9 orcs (D:3)
  5 bats
  5 goblins
  3 hobgoblins
  11 jackals
  9 kobolds
  A ball python (D:2)
  3 frilled lizards (D:1)
  A leopard gecko skeleton (D:3)
  18 rats
80 creatures vanquished.

Notes
Turn   | Place    | Note
-------+----------+-------------------------------------------
     0 | D:1      | SolusNox the Formicid Fighter began the quest for the Orb.
     0 | D:1      | Reached XP level 1. HP: 18/18 MP: 1/1
   116 | D:1      | Reached XP level 2. HP: 20/24 MP: 2/2
   714 | D:1      | Reached skill level 4 in Shields
   714 | D:1      | Reached XP level 3. HP: 30/30 MP: 3/3
   856 | D:2      | Reached XP level 4. HP: 22/37 MP: 4/4
  1033 | D:2      | Reached skill level 4 in Fighting
  1042 | D:2      | Reached skill level 4 in Armour
  1253 | D:2      | Reached XP level 5. HP: 42/42 MP: 5/5
  1638 | D:3      | Reached skill level 3 in Axes
  1771 | D:3      | Found a snail-covered altar of Cheibriados.
  2014 | D:3      | Reached XP level 6. HP: 42/49 MP: 6/6
  2173 | D:3      | HP: 1/49 [orc priest/divine providence (12)]
  2176 | D:3      | Reached skill level 1 in Dodging
  2186 | D:3      | HP: 9/49 [orc wizard/+0 dagger (1)]
  2194 | D:3      | HP: 7/49 [orc wizard/magic dart (7)]
  2196 | D:3      | Killed from afar by an orc wizard

Illustrated notes

Levels and vault maps discovered:
D:1:      grunt_arrival_crossed_arrows, layout_loops_ring
D:2:      layout_basic, minivault_14
D:3:      layout_basic, overflow_temple_1_default

Skill      XL: |  1  2  3  4  5  6 |
---------------+-------------------+-----
Shields        | 4 |  4.8
Fighting       | 4 |  4.4
Armour         | 4 |  4.4
Axes           | 3 |  3.7
Dodging        | 1 |  1.2

Action                   |  1- 3 |  4- 6 || total
-------------------------+-------+-------++-------
Melee: War axe           |    65 |    53 ||   118
       Hand axe          |       |   123 ||   123
Armor: Scale mail        |    31 |    71 ||   102
Dodge: Dodged            |    21 |    59 ||    80
Block: Kite shield       |    23 |   104 ||   127

Table legend: (Time is in decaauts)
 A = Elapsed time spent in this place.
 B = Non-inter-level travel time spent in this place.
 C = Inter-level travel time spent in this place.
 D = Time resting spent in this place.
 E = Time spent auto-exploring this place.
 F = Levels seen in this place.
 G = Mean time per level.
                   A        B        C        D        E       F      G
               +--------+--------+--------+--------+--------+-----+--------+
         Total |   2270 |   2239 |     31 |    114 |   1601 |   3 |  756.7 |
       Dungeon |   2270 |   2239 |     31 |    114 |   1601 |   3 |  756.7 |
               +--------+--------+--------+--------+--------+-----+--------+

Top non-repeatable levels by time:
     D:1: 870 daAuts
     D:2: 813 daAuts
     D:3: 586 daAuts

Table legend:
 A = Kills in this place as a percentage of kills in entire the game.
 B = Kills by you in this place as a percentage of kills by you in the entire game.
 C = Kills by friends in this place as a percentage of kills by friends in the entire game.
 D = Other kills in this place as a percentage of other kills in the entire game.
 E = Experience gained in this place as a percentage of experience gained in the entire game.
 F = Experience gained in this place divided by the number of levels of this place that you have seen.
                   A       B       C       D       E      F
               +-------+-------+-------+-------+-------+----------------------
         Total | 100.0 | 100.0 |   N/A |   N/A | 100.0 | 123.0
       Dungeon | 100.0 | 100.0 |   N/A |   N/A | 100.0 | 123.0
               +-------+-------+-------+-------+-------+----------------------
